 Dungeon Crawl Stone Soup version 0.30-a0-939-gc8157cb160 (webtiles) character file.

Game seed: 8470814347996443171

164 DeathPants the Caller (level 5, -10/27 HPs)
             Began as a Vine Stalker Summoner on Mar 25, 2023.
             Killed by divine providence
             ... invoked by an orc priest
              (15 damage)
             ... on level 3 of the Dungeon.
             The game lasted 00:06:57 (1694 turns).

DeathPants the Caller (Vine Stalker Summoner)       Turns: 1694, Time: 00:06:58

Health: -10/27     AC:  2    Str: 10    XL:     5   Next: 45%
Magic:  0/11       EV: 12    Int: 15    God:
Gold:   121        SH:  0    Dex: 17    Spells: 5/11 levels left

rFire   . . .      SeeInvis .    d - +0 dagger
rCold   . . .      Faith    .    (no shield)
rNeg    . . .      Spirit   +    a - +0 robe
rPois   .          Reflect  .    (no helmet)
rElec   .          Rampage  .    (no cloak)
rCorr   .                        (no gloves)
Will    .....                    (no boots)
Stlth   ++                       (no amulet)
HPRegen 1.04/turn                (no ring)
MPRegen 0.12/turn                (no ring)

@: no status effects
A: fangs 2, regeneration 1, magic shield, antimagic bite, no potion heal 2
a: no special abilities


You were on level 3 of the Dungeon.
You visited 1 branch of the dungeon, and saw 4 of its levels.

You collected 121 gold pieces.

Inventory:

Hand Weapons
 d - a +0 dagger (weapon)
Missiles
 h - 2 poisoned darts
 s - 3 boomerangs
Armour
 a - a +0 robe (worn)
Wands
 n - a wand of paralysis (5)
Scrolls
 c - a scroll of fog {unknown}
 e - a scroll of vulnerability
 g - 2 scrolls of teleportation {unknown}
 l - a scroll of magic mapping {unknown}
 m - a scroll of enchant weapon {unknown}
 o - a scroll of fear {unknown}
 q - a scroll of enchant armour {unknown}
 r - a scroll of poison {unknown}
Potions
 b - a potion of magic
 f - a potion of flight
 i - 3 potions of curing
 j - a potion of mutation
 k - a potion of brilliance
 p - a potion of haste {unknown}


   Skills:
 + Level 2.3 Fighting
 - Level 1.5 Dodging
 - Level 2.4 Stealth
 + Level 3.6 Spellcasting
 + Level 5.0 Summonings


You had 5 spell levels left.
You knew the following spells:

 Your Spells              Type           Power      Damage    Failure   Level
a - Summon Small Mammal   Summ           68%        N/A       2%          1
b - Call Imp              Summ           17%        N/A       3%          2
c - Call Canine Familiar  Summ           17%        N/A       7%          3

Your spell library contained the following spells:

 Spells                   Type           Power      Damage    Failure   Level
 Summon Guardian Golem    Hex/Summ       10%        N/A       21%         3
 Ignite Poison            Fire/Tmut/Pois 2%         N/A       50%         3
 Kindle Blastsparks       Fire/Tloc/Air  4%         2d10      50%         3
 Summon Lightning Spire   Summ/Air       10%        N/A       54%         4
 Freezing Cloud           Conj/Ice/Air   1%         6-21      99%         5


Dungeon Overview and Level Annotations

Branches:
Dungeon (4/15)
 Temple: D:4-7

Altars:


Innate Abilities, Weirdness & Mutations

You have extremely sharp teeth.
Your natural rate of healing is unusually fast.
When hurt, damage is shared between your health and your magic reserves.
Your bite disrupts and absorbs the magic of your enemies.
Potions cannot restore your health.


Message History

Found a flail.
Casting: Call Imp (safe; 3% risk of failure)
Press: ? - help, Q - select action, (/) - cycle Dir - look around, f - activate A beastly little devil appears in a puff of flame.
An orc comes into view. It is wielding a +0 flail.
An orc and an orc priest come into view.
The orc shouts!
Your crimson imp hits the orc.
You hit the orc but do no damage. You bite the orc, but do no damage.
The orc is heavily wounded.
The orc closely misses you.
The orc priest invokes the aid of Beogh against you.
Beogh smites you!
Your crimson imp blinks!
Casting: Call Imp (safe; 3% risk of failure)
Press: ? - help, Q - select action, (/) - cycle Dir - look around, f - activate A beastly little devil appears in a puff of flame.
Your crimson imp disappears in a puff of smoke!
The orc closely misses you. The orc attacks as you move away!
The orc hits you with a +0 club. The orc completely misses you.
Your crimson imp hits the orc.
The orc hits your crimson imp with a +0 club.
Your crimson imp hits the orc.
The orc dies!
The orc priest calls down the wrath of Beogh upon you.
Beogh smites you!
Your crimson imp blinks!
The orc priest casts a cantrip, but nothing happens.
The orc hits you with a +0 flail.
* * * LOW HITPOINT WARNING * * *
Casting: Call Imp (safe; 3% risk of failure)
Press: ? - help, Q - select action, (/) - cycle Dir - look around, f - activate A beastly little devil appears in a puff of flame.
Your crimson imp disappears in a puff of smoke!
The orc hits you with a +0 flail.
* * * LOW HITPOINT WARNING * * *
The orc priest mumbles some strange prayers to Beogh against you.
Beogh smites you!
Ouch! That really hurt!
You die...

..).... .. ....... .###
.......####...# ..
..............# #.#########
........§.....# #.........
........$.....####.......#
.......o§o###.#..........#
.......##.###.#.##.......#
..###.# #5o@..#.##.......+ .
#.#######.#.##.......###
#.......#.#.##..........
#.......#.#.##.#####.###
#.......#...##.# #.#
+.......#...##.### #.#
#................###.#
########..[##...............#
...........[[....##.#...#####


You could see an orc priest, an orc (ally target) and a friendly crimson imp
(summoned).

Vanquished Creatures
  An orc wizard (D:3)
  2 adders (D:2)
  A worm (D:2)
  A dart slug (D:1)
  2 orcs (D:3)
  3 ball pythons
  2 endoplasms (D:2)
  A giant cockroach (D:1)
  3 goblins
  6 hobgoblins
  A jackal (D:2)
  A bat (D:1)
  A frilled lizard (D:1)
  4 kobolds
  2 rats
31 creatures vanquished.

Vanquished Creatures (collateral kills)
  An orc priest (D:3)
  3 adders (D:2)
  5 orcs (D:3)
  An endoplasm (D:2)
  3 goblins
  A hobgoblin (D:1)
  5 jackals (D:2)
  A quokka (D:1)
  3 ball pythons (D:2)
23 creatures vanquished.

Grand Total: 54 creatures vanquished

Notes
Turn   | Place    | Note
-------+----------+-------------------------------------------
     0 | D:1      | DeathPants the Vine Stalker Summoner began the quest for
                  | the Orb.
     0 | D:1      | Reached XP level 1. HP: 9/9 MP: 4/4
   124 | D:1      | Reached XP level 2. HP: 14/14 MP: 6/6
   127 | D:1      | Learned a level 2 spell: Call Imp
   443 | D:1      | Reached skill level 1 in Fighting
   754 | D:2      | Reached XP level 3. HP: 18/18 MP: 2/8
   758 | D:2      | Learned a level 3 spell: Call Canine Familiar
  1002 | D:2      | Gained mutation: Your natural rate of healing is unusually
                  | fast. [Vine Stalker growth]
  1002 | D:2      | Reached XP level 4. HP: 22/22 MP: 9/9
  1465 | D:3      | Reached XP level 5. HP: 17/26 MP: 9/11
  1612 | D:3      | Reached skill level 5 in Summonings
  1694 | D:3      | Killed from afar by an orc priest

Illustrated notes

Levels and vault maps discovered:
D:1:      scummos_arrival_simple_crosswalls, layout_basic
D:2:      layout_basic
D:3:      minmay_chambers_of_twos, layout_basic, portal_sewer_entry_c,
          hangedman_decor_push
D:4:      layout_basic, nrook_mini_backslash, minmay_ogre_servants

Skill      XL: |  1  2  3  4  5 |
---------------+----------------+-----
Fighting       | 1 2 |  2.3
Spellcasting   | 3 |  3.6
Summonings     | 5 |  5.0
Dodging        | |  1.5
Stealth        | |  2.4

Action                     |  1- 3 |  4- 6 || total
---------------------------+-------+-------++-------
  Melee: Dagger            |    70 |    89 ||   159
         Bite              |    21 |    30 ||    51
   Cast: Summon Small Mamm |     6 |       ||     6
         Call Imp          |     6 |    14 ||    20
    Use: Scroll            |     4 |     1 ||     5
   Stab: Sleeping          |     6 |     2 ||     8
         Distracted        |     1 |       ||     1
 Armour: Robe              |    10 |    20 ||    30
  Dodge: Dodged            |    39 |    68 ||   107

Table legend: (Time is in decaauts)
 A = Elapsed time spent in this place.
 B = Non-inter-level travel time spent in this place.
 C = Inter-level travel time spent in this place.
 D = Time resting spent in this place.
 E = Time spent auto-exploring this place.
 F = Levels seen in this place.
 G = Mean time per level.
                   A        B        C        D        E       F      G
               +--------+--------+--------+--------+--------+-----+--------+
         Total |   1697 |   1671 |     26 |      0 |   1042 |   4 |  424.2 |
       Dungeon |   1697 |   1671 |     26 |      0 |   1042 |   4 |  424.2 |
               +--------+--------+--------+--------+--------+-----+--------+

Top non-repeatable levels by time:
     D:2: 742 daAuts
     D:1: 695 daAuts
     D:3: 255 daAuts
     D:4: 4 daAuts
